Map: [ESL] Waterfall

Players

iGCoffeeMs (Coffee)

  • Race: Terran Terran
  • League: Master

DPGJieShi (Jieshi) - Winner!

  • Race: Protoss Protoss

Event: DreamHack SC2 Masters 2022 Atlanta (Online)

VOD

Have the link to the VOD?

Description

Time

  • Played on: Oct. 7, 2022, 8:23 a.m.
  • Length: 7:58

All games in this series

Show
View Real Time Build Order
Export as new Build Order

iGCoffeeMs Terran 

Build Orders:  

Get SALT Encoding   

  12  0:00  SCV  
  13  0:12  SCV  
  14  0:17  Supply Depot  
  14  0:24  SCV  
  15  0:38  SCV  
  15  0:40  Barracks  
  16  0:43  Refinery  
  16  0:50  SCV  
  17  1:03  SCV  
  18  1:15  SCV  
  19  1:28  Barracks Reactor, Orbital Command  
  19  1:40  Command Center  
  19  1:50  Supply Depot  
  19  1:53  SCV  
  20  2:03  Factory  
  20  2:05  SCV  
  21  2:10  Marine x2  
  23  2:17  SCV  
  23  2:18  Refinery  
  24  2:27  Marine  
  24  2:28  Marine  
  24  2:29  SCV  
  27  2:42  SCV  
  28  2:47  Widow Mine, Starport, Marine  
  31  2:51  Marine  
  31  2:54  Orbital Command  
  31  2:55  SCV  
  33  3:06  Marine  
  33  3:07  SCV  
  33  3:09  Marine  
  33  3:10  Factory Tech Lab  
  36  3:16  Supply Depot  
  37  3:20  SCV x2  
  37  3:26  Marine  
  39  3:27  Marine  
  39  3:32  Barracks  
  39  3:33  Raven  
  42  3:37  SCV x2  
  44  3:43  Barracks  
  44  3:49  SCV  
  44  3:50  Factory Tech Lab  
  44  3:51  Supply Depot  
  45  3:57  SCV  
  46  4:03  Marine x2  
  46  4:05  Bunker  
  46  4:06  SCV  
  49  4:10  SCV  
  49  4:13  Engineering Bay  
  49  4:18  SCV  
  49  4:22  SCV  
  51  4:26  Supply Depot, Starport Reactor, Factory Reactor  
  51  4:27  Stimpack  
  51  4:30  SCV  
  52  4:32  Refinery  
  52  4:34  SCV  
  53  4:39  Terran Infantry Weapons Level 1  
  53  4:43  SCV, Marine x3  
  53  4:44  Marine  
  58  4:46  SCV  
  58  4:49  Supply Depot  
  58  4:51  Combat Shield  
  59  4:55  SCV  
  59  4:57  Supply Depot  
  59  4:58  SCV  
  61  5:04  Marauder x2  
  61  5:06  Marine x2  
  68  5:07  SCV  
  68  5:10  Supply Depot  
  68  5:11  SCV  
  69  5:18  Refinery  
  69  5:21  Medivac x2  
  69  5:24  SCV x2  
  79  5:28  Marauder x2  
  79  5:30  Marine x2  
  79  5:35  Widow Mine x2  
  85  5:39  Supply Depot  
  85  5:41  Supply Depot  
  85  5:48  Marine x2  
  91  5:50  Marauder x2  
  91  5:52  SCV x2  
  93  6:04  Medivac x2  
  93  6:06  Marine  
  95  6:13  Widow Mine x2, Marauder x2  
  95  6:16  Supply Depot  
  95  6:18  Concussive Shells  
  102  6:20  Marine  
  102  6:24  Marine  
  102  6:34  Marauder x2  
  102  6:37  SCV x2  
  102  6:38  Marine  
  108  6:41  Marine  
  108  6:55  Marine x3  
  92  7:02  Marine  
  74  7:13  Marauder x2, Marine  
  66  7:20  Marine  
  60  7:23  SCV  
  53  7:31  Marine  
  53  7:32  SCV  
  53  7:35  Marauder x2  
  53  7:36  SCV  
  65  7:45  SCV  
Show
View Real Time Build Order
Export as new Build Order

DPGJieShi Protoss - Winner!

Build Orders: 1 Gate Expand, Blink Stalkers 

Get SALT Encoding   

  12  0:01  Probe  
  13  0:13  Probe  
  14  0:17  Pylon  
  14  0:25  Probe (Chrono Boost)  
  16  0:37  Gateway, Probe (Chrono Boost)  
  16  0:43  Probe (Chrono Boost)  
  16  0:47  Assimilator  
  17  0:51  Probe  
  18  1:03  Probe  
  19  1:15  Probe  
  20  1:25  Cybernetics Core  
  20  1:31  Nexus  
  20  1:38  Pylon  
  20  1:41  Probe  
  20  1:46  Assimilator  
  21  1:53  Probe  
  22  1:58  Stalker (Chrono Boost)  
  22  2:01  Warp Gate  
  24  2:05  Probe  
  25  2:17  Probe  
  25  2:20  Twilight Council  
  26  2:29  Probe, Stalker  
  31  2:44  Probe (Chrono Boost), Gateway  
  31  2:46  Probe (Chrono Boost)  
  31  2:53  Probe (Chrono Boost)  
  31  2:54  Blink (Chrono Boost)  
  31  2:56  Probe (Chrono Boost)  
  33  3:04  Probe  
  34  3:06  Probe  
  35  3:16  Robotics Facility, Probe  
  35  3:18  Probe  
  37  3:28  Probe  
  37  3:30  Probe  
  39  3:40  Probe  
  40  3:42  Nexus, Probe  
  40  3:44  Pylon  
  41  3:50  Stalker  
  41  3:52  Probe  
  41  3:54  Probe  
  45  4:05  Stalker  
  45  4:06  Observer  
  45  4:07  Probe  
  45  4:09  Probe  
  50  4:13  Pylon  
  50  4:14  Stalker  
  52  4:19  Probe  
  52  4:21  Probe, Forge  
  52  4:22  Charge (Chrono Boost)  
  54  4:29  Assimilator  
  54  4:30  Pylon  
  54  4:31  Observer  
  54  4:36  Probe  
  54  4:37  Probe  
  57  4:40  Shield Battery  
  57  4:42  Stalker  
  57  4:45  Observer  
  59  4:49  Probe  
  59  4:51  Gateway  
  60  4:53  Gateway  
  60  4:55  Observer  
  60  4:57  Probe x2  
  63  5:00  Protoss Ground Weapons Level 1 (Chrono Boost)  
  63  5:03  Probe  
  64  5:09  Probe  
  64  5:13  Gateway x2  
  65  5:16  Gateway  
  65  5:17  Gateway  
  65  5:18  Observer  
  65  5:22  Sentry, Pylon  
  65  5:25  Shield Battery  
  65  5:26  Probe  
  68  5:33  Immortal (Chrono Boost)  
  68  5:39  Probe x3  
  75  5:45  Zealot x2, Pylon  
  75  5:49  Photon Cannon  
  79  5:54  Sentry, Photon Cannon  
  79  5:56  Sentry  
  83  6:15  Immortal, Stalker  
  83  6:16  Zealot x5  
  97  6:21  Pylon x2  
  97  6:28  Zealot x2  
  101  6:38  Pylon  
  101  6:41  Zealot, Stalker x3  
  101  6:42  Zealot  
  101  6:45  Zealot  
  112  6:58  Zealot x2, Immortal  
  104  7:03  Zealot x2  
  104  7:08  Zealot x3  
  94  7:15  Stalker  
  77  7:16  Observer  
  77  7:21  Zealot x2  
  71  7:23  Stalker  
  71  7:24  Zealot  
  71  7:26  Observer  
  71  7:38  Robotics Bay  
  71  7:39  Probe (Chrono Boost)  
  74  7:46  Zealot x3, Probe (Chrono Boost)  
  74  7:48  Probe x2 (Chrono Boost)  
  81  7:52  Zealot x2  
Tags
 
Add a new tag
Caveats
  • Supply blocks, unpowered buildings, or Contaminate may cause inaccurate times.
  • Supply counts are checked every 10 seconds.